Map: New Repugnancy LE

Players

DnS - Winner!

  • Race: Protoss Protoss
  • Spawn Location: 1:00

HateMe

  • Race: Zerg Zerg
  • Spawn Location: 7:00

Event: 2019 WCS Summer

VOD

Have the link to the VOD?

Description

Time

  • Played on: July 12, 2019, 9:25 a.m.
  • Length: 9:11

All games in this series

Show
View Real Time Build Order
Export as new Build Order

DnS Protoss - Winner!

Build Orders: 1 Gate Expand, Oracle Opening, Zealot Archon, Archon Drop 

Get SALT Encoding   

  12  0:00  Probe  
  13  0:12  Probe  
  14  0:18  Pylon  
  14  0:24  Probe  
  15  0:32  Probe  
  15  0:39  Gateway  
  15  0:40  Probe  
  16  0:49  Assimilator  
  17  0:51  Probe  
  18  1:03  Probe  
  19  1:15  Probe  
  20  1:27  Cybernetics Core  
  20  1:36  Nexus  
  20  1:39  Probe  
  21  1:46  Pylon  
  21  1:51  Probe  
  22  1:54  Adept  
  22  1:55  Assimilator  
  22  2:03  Probe  
  25  2:15  Probe  
  26  2:16  Adept  
  26  2:21  Stargate  
  26  2:29  Probe  
  29  2:35  Warp Gate  
  29  2:41  Probe  
  30  2:46  Probe  
  30  2:47  Stalker  
  33  2:53  Probe  
  33  2:54  Probe  
  34  3:04  Probe  
  34  3:05  Probe  
  36  3:08  Oracle  
  40  3:17  Probe  
  41  3:27  Probe  
  41  3:29  Probe  
  41  3:32  Gateway  
  41  3:37  Adept  
  41  3:39  Probe, Oracle  
  42  3:41  Probe  
  42  3:43  Assimilator  
  42  3:44  Pylon  
  46  3:51  Assimilator  
  46  4:02  Probe x2  
  48  4:05  Robotics Facility  
  48  4:07  Pylon  
  48  4:14  Probe x2  
  50  4:26  Probe x2, Twilight Council  
  52  4:34  Charge  
  52  4:36  Zealot, Adept  
  56  4:38  Probe x2  
  58  4:48  Warp Prism  
  58  4:50  Probe, Gateway x2  
  58  4:52  Gateway x2  
  61  5:05  Templar Archives  
  61  5:17  Nexus  
  61  5:20  Pylon  
  61  5:25  Probe  
  61  5:26  Pylon  
  62  5:38  Probe  
  62  5:39  Zealot  
  62  5:40  Zealot  
  67  5:44  High Templar x2  
  67  5:46  High Templar x2  
  67  5:47  Probe  
  67  5:48  Archon  
  76  5:50  Probe, Archon  
  77  5:58  Pylon  
  77  6:01  Pylon  
  77  6:03  Probe  
  78  6:16  Probe x2  
  78  6:17  Zealot  
  78  6:18  Zealot x2  
  86  6:19  Zealot x3  
  92  6:28  Probe x2  
  92  6:32  Probe  
  86  6:40  Probe x2  
  86  6:42  Zealot x2  
  86  6:43  Zealot x4  
  86  6:44  Probe  
  89  6:52  Observer, Forge  
  88  6:57  Probe  
  88  6:58  Probe  
  88  6:59  Probe  
  89  7:03  Zealot  
  89  7:04  Zealot x5  
  91  7:11  Probe  
  91  7:12  Probe x2  
  92  7:16  Gateway  
  92  7:18  Gateway  
  92  7:22  Immortal  
  82  7:25  High Templar x3  
  82  7:26  High Templar x3  
  92  7:31  Archon x3  
  96  7:37  Probe x3  
  96  7:39  Assimilator x2  
  96  7:40  Pylon  
  99  7:52  Pylon  
  99  7:58  Zealot x6  
  111  8:15  Pylon  
  111  8:16  Pylon  
  111  8:22  Zealot x7  
  119  8:43  Zealot x8  
  125  9:06  Zealot x8  
Show
View Real Time Build Order
Export as new Build Order

HateMe Zerg 

Build Orders: Hatch First 

Get SALT Encoding   

  12  0:00  Drone  
  13  0:12  Overlord  
  13  0:17  Drone  
  14  0:31  Drone x2  
  16  0:47  Drone x2  
  18  0:55  Hatchery  
  17  0:59  Drone  
  17  1:01  Extractor  
  17  1:14  Spawning Pool  
  17  1:17  Drone  
  17  1:20  Drone  
  18  1:27  Drone  
  19  1:38  Drone  
  20  1:49  Overlord  
  20  2:02  Queen  
  20  2:07  Zergling x2, Queen  
  20  2:08  Zergling x2  
  26  2:14  Drone  
  26  2:15  Metabolic Boost  
  27  2:18  Drone  
  27  2:22  Drone  
  29  2:31  Drone  
  30  2:37  Hatchery  
  28  2:49  Zergling x4  
  30  2:57  Zergling x2  
  30  2:58  Queen, Overlord  
  33  3:03  Zergling x2  
  33  3:04  Drone  
  35  3:18  Overlord  
  32  3:29  Spore Crawler  
  31  3:35  Drone x6  
  37  3:46  Overlord  
  37  3:47  Drone, Queen  
  40  3:52  Queen  
  42  3:57  Drone x2  
  42  4:00  Drone  
  44  4:11  Spore Crawler  
  44  4:13  Drone  
  44  4:14  Spore Crawler  
  44  4:16  Drone x3  
  44  4:17  Drone  
  46  4:21  Drone  
  46  4:27  Drone x4  
  51  4:33  Drone x2  
  53  4:40  Queen  
  53  4:42  Queen  
  56  4:48  Drone x2  
  56  4:52  Overlord  
  58  4:54  Drone x2  
  58  4:58  Roach Warren  
  59  5:03  Evolution Chamber  
  59  5:04  Lair  
  58  5:10  Overlord  
  58  5:13  Drone, Spore Crawler  
  58  5:14  Drone x4  
  61  5:22  Queen  
  61  5:23  Queen  
  61  5:27  Drone x4  
  69  5:31  Zerg Melee Weapons Level 1  
  69  5:34  Drone x3  
  72  5:44  Zergling x14  
  79  5:52  Overlord x2  
  79  5:55  Extractor x2  
  77  6:03  Zergling x10  
  82  6:04  Hydralisk Den  
  82  6:07  Queen  
  82  6:10  Queen  
  82  6:11  Overlord  
  84  6:15  Zergling x12  
  85  6:29  Zergling x12  
  81  6:42  Zergling x14  
  84  6:51  Zergling x4  
  82  7:00  Hydralisk x3  
  81  7:05  Hydralisk  
  82  7:10  Queen x3  
  82  7:12  Hydralisk x2  
  90  7:18  Hydralisk x2  
  90  7:20  Zergling x4  
  93  7:35  Overlord x3  
  89  7:53  Muscular Augments, Queen  
  89  7:57  Drone x8  
  99  8:07  Drone  
  99  8:08  Drone  
  99  8:09  Drone  
  99  8:10  Drone  
  99  8:12  Overseer  
  103  8:13  Extractor  
  103  8:14  Extractor  
  103  8:16  Hydralisk  
  103  8:20  Overlord  
  103  8:21  Overlord x2  
  103  8:26  Zergling x2  
  104  8:31  Zergling x4  
  106  8:40  Hydralisk x2  
  96  8:42  Zergling x14  
Tags
 
Add a new tag
Caveats
  • Supply blocks, unpowered buildings, or Contaminate may cause inaccurate times.
  • Supply counts are checked every 10 seconds.